 Dungeon Crawl Stone Soup version 0.32-a0-918-g0f22ef8d61 (webtiles) character file.

Game seed: 14052126059652770316

5496 retardedninja the Fighter (level 10, -6/76 HPs)
             Began as a Coglin Fighter on Apr 10, 2024.
             Was a Believer of Hepliaklqana.
             Shot with a bolt by an orc warrior (8 damage)
             ... on level 9 of the Dungeon on Apr 11, 2024.
             The game lasted 00:11:53 (8552 turns).

retardedninja the Fighter (Coglin Fighter)          Turns: 8552, Time: 00:11:54

Health: -6/76      AC: 17    Str: 21    XL:     10   Next: 69%
Magic:  10/10      EV:  5    Int:  8    God:    Hepliaklqana [**....]
Gold:   463        SH:  0    Dex: 13    Spells: 9/9 levels left

rFire   . . .        a - +0 war axe {Fernanda}
rCold   . . .        k - +0 whip {Arnulf}
rNeg    . . .        q - +0 plate armour
rPois   .            (no helmet)
rElec   .            d - +0 cloak
rCorr   .            (no gloves)
SInv    .            j - +2 pair of boots {Stlth+}
Will    .....        (amulet unavailable) Stlth
                     (ring unavailable)
HPRegen 0.32/turn    (ring unavailable)
MPRegen 0.12/turn    (no gizmo)

%: no passive effects
@: on fire, hasted, glowing, revving, very quick
A: reduced essence, off-hand wielding, slow wielding, warmup strikes, no
jewellery
a: Invent Gizmo, Renounce Religion, Recall Ancestor, Ancestor Identity


You were on level 9 of the Dungeon.
You worshipped Hepliaklqana.
Hepliaklqana was pleased with you.
You visited 2 branches of the dungeon, and saw 10 of its levels.

You collected 463 gold pieces.

Inventory:

Hand Weapons
 a - a +0 war axe (weapon) {Fernanda}
 k - a +0 whip (offhand) {Arnulf}
Missiles
 B - a throwing net (quivered)
Armour
 d - a +0 cloak (worn)
 i - a +0 pair of gloves
 j - a +2 pair of boots of stealth (worn)
 q - a +0 plate armour (worn)
 y - a +0 pair of gloves
Wands
 z - a wand of digging (9)
 A - a wand of flame (20)
Scrolls
 b - a scroll of brand weapon {unknown}
 c - a scroll of acquirement {unknown}
 e - 3 scrolls of immolation
 g - 2 scrolls of teleportation {unknown}
 h - 2 scrolls of vulnerability {unknown}
 r - a scroll of revelation {unknown}
 s - 4 scrolls of poison {unknown}
 t - 3 scrolls of silence {unknown}
 u - a scroll of identify
 v - a scroll of amnesia {unknown}
 w - a scroll of butterflies {unknown}
 x - 3 scrolls of blinking {unknown}
 D - a scroll of enchant weapon {unknown}
Potions
 f - a potion of berserk rage {unknown}
 l - 3 potions of resistance
 m - 2 potions of mutation
 n - 3 potions of curing
 o - a potion of haste
 p - a potion of lignification {unknown}
 C - a potion of attraction {unknown}
 E - a potion of degeneration {unknown}


   Skills:
 * Level 10.2 Fighting
 * Level 9.9 Axes
 + Level 7.3 Armour
 - Level 2.4 Shields


You had 9 spell levels left.
You didn't know any spells.
Your spell library contained the following spells:

 Spells                   Type           Power      Damage    Failure   Level
 Freeze                   Ice            0%         1d3       100%        1
 Kiss of Death            Conj/Necr      0%         2d5       100%        1
 Sandblast                Erth           0%         2d4       100%        1
 Call Imp                 Summ           0%         N/A       100%        2
 Sublimation of Blood     Necr           0%         N/A       100%        2
 Confusing Touch          Hex            0%         N/A       100%        3
 Frozen Ramparts          Ice            0%         1d1       100%        3
 Hailstorm                Conj/Ice       0%         3d5       100%        3
 Stone Arrow              Conj/Erth      0%         3d7       100%        3
 Volatile Blastmotes      Fire/Tloc      0%         2d10      100%        3
 Brom's Barrelling Bould  Conj/Erth      0%         2d3       100%        4
 Dispel Undead            Necr           0%         3d6       100%        4
 Fulminant Prism          Conj/Alch      0%         3d5       100%        4
 Iskenderun's Mystic Bla Conj/Tloc 0%             2d3        (+2d1     100%        4
 Summon Hydra             Summ           0%         N/A       100%        7


Dungeon Overview and Level Annotations

Branches:
Dungeon (9/15)             Temple (1/1) D:5            Lair (0/5) D:8
    Orc: D:9-12

Altars:
Ashenzari
Cheibriados
Dithmenos
Elyvilon
Fedhas
Gozag
Hepliaklqana
Kikubaaqudgha
Makhleb
Nemelex Xobeh
Okawaru
Qazlal
Ru
Sif Muna
Trog
Uskayaw
Vehumet
Wu Jian
Xom
Yredelemnul
Zin
The Shining One

Shops:
D:1 =   D:8 =*

Annotations:
D:6 1 runed translucent door, seaofthunder's ghost, novice MDFi


Innate Abilities, Weirdness & Mutations

Your life essence is reduced to manifest your ancestor. (-10% HP)
You can wield a second weapon in your off-hand.
It takes a long time for you to wield or remove held weapons.
Your first few attacks do less damage.
You cannot equip rings or amulets.


Message History

The bolt of fire hits you!!
The bolt of fire hits Idi Amin!
Idi Amin resists.
The orc warrior shoots a bolt.
The bolt hits Idi Amin!
Idi Amin is destroyed!
You feel better.
The deep elf pyromancer barely misses you.
The orc warrior shoots a bolt.
The bolt hits you!
You slash the deep elf pyromancer with your +0 war axe!
The deep elf pyromancer is heavily wounded.
You hit the deep elf pyromancer with your +0 whip.
The deep elf pyromancer gestures wildly while chanting.
The orc warrior shoots a bolt.
The bolt closely misses you.
You barely miss the deep elf pyromancer with your +0 war axe.
The deep elf pyromancer is severely wounded.
You whack the deep elf pyromancer with your +0 whip!
The deep elf pyromancer casts a spell.
The orc warrior shoots a bolt.
The bolt hits you.
You closely miss the deep elf pyromancer with your +0 war axe.
The deep elf pyromancer is severely wounded.
You hit the fire elemental with your +0 war axe.
You hit the deep elf pyromancer with your +0 whip.
The fire elemental hits you. The fire elemental burns you!
* * * LOW HITPOINT WARNING * * *
The deep elf pyromancer points at you and mumbles some strange words.
The pyre arrow hits you.
You are covered in intense liquid fire!
You shake off some of the fire as you move.
The liquid fire burns you!
* * * LOW HITPOINT WARNING * * *
The orc warrior shoots a bolt.
The bolt hits you but does no damage. The fire elemental hits you.
The fire elemental burns you!
* * * LOW HITPOINT WARNING * * *
Unknown command.
Okay, then.
It was a potion of haste.
You feel yourself speed up. The liquid fire burns you!
* * * LOW HITPOINT WARNING * * *
The orc warrior shoots a bolt.
The bolt hits you!
You die...
Hepliaklqana delivers you to your ancestors.

####.##.# ##....
####.# #..... ##
### #..... #.. ..#
#..... .### ###.
#..... # #): /[#'#
#.#...
#°########.#
#.####
#☼Eß#E)#ßo.# #.#
#EKe@.)..# #.#
####ß.##########.#
##'#..........#
#...##########
#####


You could see a deep elf pyromancer, 3 fire elementals, an orc warrior and a
kobold brigand.

Vanquished Creatures
  A komodo dragon (D:8)
  Grinder (D:3)
  A yak (D:9)
  A steam dragon (D:9)
  A sky beast (D:6)
  2 orc warriors
  2 black bears
  3 ogres
  3 centaurs
  3 bullfrogs
  4 scorpions
  A killer bee (D:9)
  2 wights (D:9)
  A howler monkey (D:4)
  4 bombardier beetles
  2 gnoll boudas
  2 orc priests
  An iguana (D:3)
  2 orc wizards
  Terence (D:3)
  9 gnolls
  2 adders
  A shadow imp (D:5)
  4 ufetubi
  A dart slug (D:3)
  3 ribbon worms
  18 orcs
  8 ball pythons
  6 endoplasms
  A giant cockroach (D:1)
  7 goblins
  8 hobgoblins
  4 jackals (D:2)
  A quokka (D:1)
  4 bats
  2 frilled lizards (D:1)
  5 kobolds (D:1)
  4 rats
126 creatures vanquished.

Vanquished Creatures (collateral kills)
  A centaur warrior (D:9)
  A komodo dragon (D:8)
  5 yaks
  A water moccasin (D:7)
  An orc warrior (D:8)
  2 sky beasts
  A black bear (D:8)
  2 centaurs (D:9)
  2 bullfrogs
  3 wights (D:9)
  2 killer bees (D:9)
  An orc priest (D:9)
  A gnoll bouda (D:8)
  An iguana (D:7)
  2 orc wizards (D:9)
  2 gnolls (D:8)
  6 orcs
34 creatures vanquished.

Vanquished Creatures (others)
  3 battlemagi
3 creatures vanquished.

Grand Total: 163 creatures vanquished

Notes
Turn   | Place    | Note
-------+----------+-------------------------------------------
     0 | D:1      | retardedninja the Coglin Fighter began the quest for the
                  | Orb.
     0 | D:1      | Reached XP level 1. HP: 18/18 MP: 1/1
    27 | D:1      | Reached XP level 2. HP: 22/24 MP: 2/2
   276 | D:1      | Reached XP level 3. HP: 23/29 MP: 3/3
   397 | D:1      | You fall into a shaft and drop 1 floor!
   714 | D:1      | Found Wemoum's Jewellery Shoppe.
  1177 | D:3      | Noticed Terence
  1184 | D:3      | Killed Terence
  1185 | D:3      | Reached XP level 4. HP: 23/37 MP: 4/4
  1418 | D:3      | Found a hide-covered altar of Uskayaw.
  1648 | D:3      | Found a shimmering altar of Xom.
  1651 | D:3      | Found a shimmering altar of Xom.
  1694 | D:3      | Noticed Grinder
  1698 | D:3      | Paralysed by Grinder for 3 turns
  1704 | D:3      | Killed Grinder
  1705 | D:3      | Reached skill level 4 in Fighting
  1705 | D:3      | Reached XP level 5. HP: 28/43 MP: 5/5
  1705 | D:3      | Reached XP level 6. HP: 32/49 MP: 6/6
  2351 | D:4      | Reached XP level 7. HP: 11/55 MP: 7/7
  2544 | D:4      | Reached skill level 5 in Fighting
  2929 | D:5      | Entered Level 5 of the Dungeon
  2966 | D:5      | Found a staircase to the Ecumenical Temple.
  3207 | D:5      | Reached skill level 5 in Axes
  3229 | Temple   | Found a transporter.
  3229 | Temple   | Found a transporter.
  3229 | Temple   | Found a transporter.
  3229 | Temple   | Found a transporter.
  3229 | Temple   | Entered the Ecumenical Temple
  3251 | Temple   | Became a worshipper of Hepliaklqana the Forgotten
  3650 | D:5      | Reached XP level 8. HP: 61/64 MP: 8/8
  3703 | D:5      | Identified the +1 ring mail of Parsimonious Knowledge
                  | {rElec}
  3796 | D:5      | Reached skill level 6 in Fighting
  3798 | D:5      | Reached skill level 5 in Armour
  4281 | D:6      | Reached * piety under Hepliaklqana
  4603 | D:6      | Found a runed translucent door.
  4604 | D:6      | Noticed seaofthunder's ghost (novice MDFi)
  4879 | D:7      | Reached skill level 7 in Fighting
  5311 | D:7      | Reached XP level 9. HP: 49/64 MP: 9/9
  5678 | D:8      | Found Dot Kocu's Jewellery Shoppe.
  5893 | D:8      | Reached ** piety under Hepliaklqana
  5911 | D:8      | Remembered your ancestor Idi Amin as a battlemage
  5960 | D:8      | Noticed a komodo dragon
  5971 | D:8      | Killed a komodo dragon
  5972 | D:8      | Reached skill level 8 in Fighting
  5995 | D:8      | Noticed a komodo dragon
  6157 | D:8      | Killed a komodo dragon
  6621 | D:8      | Found Futroed's General Store.
  6750 | D:8      | Found a staircase to the Lair.
  7091 | D:9      | Reached skill level 9 in Fighting
  7114 | D:9      | Reached XP level 10. HP: 56/74 MP: 10/10
  8425 | D:9      | Found a shadowy altar of Dithmenos.
  8531 | D:9      | Noticed a deep elf pyromancer
  8532 | D:9      | Noticed a centaur warrior
  8534 | D:9      | Reached skill level 10 in Fighting
  8542 | D:9      | Killed a centaur warrior
  8552 | D:9      | HP: 1/76 [burnt (9)]
  8552 | D:9      | Shot with a bolt by an orc warrior

Illustrated notes

Levels and vault maps discovered:
D:1:      matt_arrival_grand_opening, layout_basic, serial_shops,
          nicolae_shop_gaudy_bauble
D:2:      layout_basic
D:3:      layout_loops_ring, eat_drink_and_be_merry_uskayaw, xom_redecorated,
          uniq_terence, uniq_grinder
D:4:      layout_cave_pools, serial_forest, infiniplex_forest_corner_1,
          infiniplex_forest_lined_3, infiniplex_forest_straight_1,
          infiniplex_forest_clump_small, infiniplex_forest_clump_large,
          infiniplex_forest_lined_2, infiniplex_forest_lined_room_,
          infiniplex_forest_clump_tiny, infiniplex_forest_clump_medium,
          infiniplex_forest_straight_5
D:5:      layout_loops_ring, minmay_temple_entry_junction
D:6:      layout_loops_cross, gammafunk_ghost_grave, feat_on_display
D:7:      layout_cave_pools
D:8:      layout_rooms, grunt_lair_entry_orc_guard_hut, serial_shops,
          nicolae_shop_window_shopping, shop, hangedman_decor_riveting
D:9:      minmay_chambers_of_sixes, layout_rooms,
          nicolae_dithmenos_shadow_blocks
Temple:   hellmonk_temple_divided_pantheon

Skill      XL: |  1  2  3  4  5  6  7  8  9 10 |
---------------+-------------------------------+-----
Armour         | 3 4 5 6 7 |  7.3
Axes           | 3 4 5 7 8 9 |  9.9
Fighting       | 4 5 7 9 10 | 10.2
Shields        | |  2.4

Action                     |  1- 3 |  4- 6 |  7- 9 | 10-12 || total
---------------------------+-------+-------+-------+-------++-------
  Melee: War axe           |   113 |    50 |   180 |    62 ||   405
         Whip              |    14 |    46 |   163 |    61 ||   284
 Invoke: Ancestor Life: Ba |       |       |     1 |       ||     1
         Ancestor Identity |       |       |     1 |       ||     1
    Use: Scroll            |       |       |     4 |       ||     4
         Potion            |       |       |     2 |     3 ||     5
   Stab: Distracted        |       |       |     1 |       ||     1
 Armour: Scale mail        |    65 |       |       |       ||    65
         Chain mail        |    38 |    15 |       |       ||    53
         Plate armour      |       |    29 |   219 |   106 ||   354
  Dodge: Dodged            |    43 |    15 |    71 |    34 ||   163
  Block: Buckler           |    30 |       |       |       ||    30

Table legend: (Time is in decaauts)
 A = Elapsed time spent in this place.
 B = Non-inter-level travel time spent in this place.
 C = Inter-level travel time spent in this place.
 D = Time resting spent in this place.
 E = Time spent auto-exploring this place.
 F = Levels seen in this place.
 G = Mean time per level.
                   A        B        C        D        E       F      G
               +--------+--------+--------+--------+--------+-----+--------+
         Total |   8616 |   8381 |    235 |   1913 |   5263 |  10 |  861.6 |
       Dungeon |   8579 |   8348 |    231 |   1913 |   5263 |   9 |  953.2 |
        Temple |     36 |     32 |      4 |      0 |      0 |   1 |   36.0 |
               +--------+--------+--------+--------+--------+-----+--------+

Top non-repeatable levels by time:
     D:7: 1501 daAuts
     D:8: 1258 daAuts
     D:4: 1090 daAuts
     D:9: 1025 daAuts
     D:3: 884 daAuts
     D:6: 807 daAuts
     D:5: 792 daAuts
     D:1: 709 daAuts
     D:2: 510 daAuts
  Temple: 36 daAuts
